ORI
UNIVERSITY OF FLORIDA GATORS @ UNIVERSITY OF MAINE BLACK BEARS
10/31/2044
 
TOP OF THE 1ST
University of Florida Gators batting - Pitching for University of Maine Black Bears : RHP Efren Ybanez
Pitching: RHP Efren Ybanez
Batting: RHB Troy Morin 0-0: Called Strike
0-1: SINGLE (Line Drive, 78S, EV 111.3 MPH)
Batting: SHB Sun-wei Ng 0-0: Ball
1-0: Ball
Troy Morin steals 2nd base
2-0: Swinging Strike
2-1: Ball
3-1: Fly out, F7 (Flyball, 7S, EV 90.6 MPH)
Batting: LHB Andy Buschlen 0-0: Called Strike
0-1: Ball
1-1: Foul Ball, location: 2F
1-2: Foul Ball, location: 2F
1-2: Ground out 2-3 (Groundball, 13S, EV 77.5 MPH)
Troy Morin to third
Batting: LHB Tomas Espino 0-0: Ball
1-0: Called Strike
1-1: Foul Ball, location: 2F
1-2: Strikes out swinging
Top of the 1st over - 0 runs, 1 hit, 0 errors, 1 left on base; University of Florida 0 - University of Maine 0
BOTTOM OF THE 1ST
University of Maine Black Bears batting - Pitching for University of Florida Gators : RHP Eddie Laura
Pitching: RHP Eddie Laura
Batting: RHB Wataru Tani 0-0: Foul Ball, location: 2F
0-1: Foul Ball, location: 2F
0-2: Ball
1-2: Strikes out swinging
Batting: RHB Juan Bonilla 0-0: Foul Ball, location: 2F
0-1: Ball
1-1: Ball
2-1: Fly out, F8 (Flyball, 89S, EV 97.5 MPH)
Batting: RHB Alvin Garcia 0-0: Ball
1-0: Called Strike
1-1: Foul Ball, location: 2F
1-2: Ball
2-2: Strikes out swinging
Bottom of the 1st over - 0 runs, 0 hits, 0 errors, 0 left on base; University of Florida 0 - University of Maine 0
TOP OF THE 2ND
University of Florida Gators batting - Pitching for University of Maine Black Bears : RHP Efren Ybanez
Batting: RHB Tim Dower 0-0: Ball
1-0: Swinging Strike
1-1: Ball
2-1: Ball
3-1: Foul Ball, location: 2F
3-2: SINGLE (Groundball, 6MD, EV 101.9 MPH)
Batting: RHB Alejandro Gomez Pickoff Throw to First - Out! 1-3
0-0: Foul Ball, location: 2F
0-1: Foul Ball, location: 2F
0-2: Ball
1-2: Ground out 6-3 (Groundball, 6, EV 76.9 MPH)
Batting: RHB Ryan Jennings 0-0: Ball
1-0: SINGLE (Flyball, 3D, EV 96.9 MPH)
Batting: RHB Jorge Lagunas 0-0: Called Strike
0-1: Ball
1-1: Ball
2-1: Ball
3-1: Fielders Choice at 2nd, 5-4 (Groundball, 56, EV 82.5 MPH)
Top of the 2nd over - 0 runs, 2 hits, 0 errors, 1 left on base; University of Florida 0 - University of Maine 0
BOTTOM OF THE 2ND
University of Maine Black Bears batting - Pitching for University of Florida Gators : RHP Eddie Laura
Batting: RHB Clark Meagher 0-0: Ball
1-0: Called Strike
1-1: Ball
2-1: Foul Ball, location: 2F
2-2: Ball
3-2: Fly out, F7 (Flyball, 78M, EV 69.4 MPH)
Batting: RHB Yoshitoshi Mori 0-0: Ball
1-0: Foul Ball, location: 2F
1-1: Ball
2-1: Foul Ball, location: 2F
2-2: Ball
3-2: Ground out 5-3 (Groundball, 56S, EV 60.6 MPH)
Batting: SHB Terrence Bryant 0-0: Ball
1-0: Ball
2-0: Fly out, F6 (Popup, 6S, EV 70.0 MPH)
Bottom of the 2nd over - 0 runs, 0 hits, 0 errors, 0 left on base; University of Florida 0 - University of Maine 0
TOP OF THE 3RD
University of Florida Gators batting - Pitching for University of Maine Black Bears : RHP Efren Ybanez
Batting: RHB Eddie Luna 0-0: Foul Ball, location: 2F
0-1: Ball
1-1: Called Strike
1-2: Fly out, F9 (Flyball, 9, EV 91.3 MPH)
Batting: RHB Troy Morin 0-0: Called Strike
0-1: Called Strike
0-2: Ball
1-2: Ball
2-2: Ball
3-2: Ground out 1-3 (Groundball, 34S, EV 64.4 MPH)
Batting: SHB Sun-wei Ng 0-0: Foul Ball, location: 2F
0-1: Ball
1-1: Foul Ball, location: 2F
1-2: Ball
2-2: Ball
3-2: Reached on error, E9 (Line Drive, 9, EV 96.9 MPH)
Batting: LHB Andy Buschlen 0-0: Ball
1-0: Foul Ball, location: 2F
1-1: Foul Ball, location: 2F
1-2: Ball
2-2: Foul Ball, location: 2F
2-2: Ball
3-2: Fly out, F8 (Flyball, 78S, EV 76.3 MPH)
Top of the 3rd over - 0 runs, 0 hits, 1 error, 1 left on base; University of Florida 0 - University of Maine 0
BOTTOM OF THE 3RD
University of Maine Black Bears batting - Pitching for University of Florida Gators : RHP Eddie Laura
Batting: RHB Ivan Navar 0-0: SINGLE (Groundball, 34S, EV 75.0 MPH) (infield hit)
Batting: RHB Jeff McClellan 0-0: Ball
1-0: Called Strike
1-1: Swinging Strike
1-2: Ball
2-2: Ground out 4-3 (Groundball, 34D, EV 102.5 MPH)
Ivan Navar to second
Batting: RHB Jesus Escobedo 0-0: Ball
1-0: Called Strike
Ivan Navar steals 3rd base
1-1: Ground out 5-3 (Groundball, 56, EV 86.3 MPH)
Ivan Navar scores
Now at 3B: Amare Brown
Batting: RHB Wataru Tani 0-0: Fly out, F7 (Flyball, 78D, EV 90.6 MPH)
Bottom of the 3rd over - 1 run, 1 hit, 0 errors, 0 left on base; University of Florida 0 - University of Maine 1
TOP OF THE 4TH
University of Florida Gators batting - Pitching for University of Maine Black Bears : RHP Efren Ybanez
Batting: LHB Tomas Espino 0-0: Ball
1-0: Called Strike
1-1: Foul Ball, location: 2F
1-2: Foul Ball, location: 2F
1-2: Fly out, F8 (Flyball, 8RD, EV 95.6 MPH)
Batting: RHB Tim Dower 0-0: Ball
1-0: Foul Ball, location: 2F
1-1: Foul Ball, location: 2F
1-2: Fly out, F8 (Flyball, 78D, EV 111.3 MPH)
Batting: RHB Alejandro Gomez 0-0: Foul Ball, location: 2F
0-1: SINGLE (Groundball, 56D, EV 100.6 MPH)
Batting: RHB Ryan Jennings 0-0: Ball
1-0: Ball
2-0: Ball
3-0: Base on Balls
Alejandro Gomez to second
Batting: RHB Amare Brown 0-0: Called Strike
0-1: Ball
1-1: Ball
2-1: Ball
3-1: Fly out, F8 (Flyball, 8LXD, EV 79.4 MPH)
Top of the 4th over - 0 runs, 1 hit, 0 errors, 2 left on base; University of Florida 0 - University of Maine 1
BOTTOM OF THE 4TH
University of Maine Black Bears batting - Pitching for University of Florida Gators : RHP Eddie Laura
Batting: RHB Juan Bonilla 0-0: Ball
1-0: Ball
2-0: SINGLE (Flyball, 8RS, EV 86.9 MPH)
Batting: RHB Alvin Garcia 0-0: Ball
1-0: Grounds into double play, 6-4-3 (Groundball, 6, EV 101.9 MPH)
Batting: RHB Clark Meagher 0-0: Ball
1-0: Ball
2-0: Fly out, F4 (Popup, 13S, EV 76.3 MPH)
Bottom of the 4th over - 0 runs, 1 hit, 0 errors, 0 left on base; University of Florida 0 - University of Maine 1
TOP OF THE 5TH
University of Florida Gators batting - Pitching for University of Maine Black Bears : RHP Efren Ybanez
Batting: RHB Eddie Luna 0-0: Ball
1-0: Ball
2-0: Foul Ball, location: 2F
2-1: Called Strike
2-2: Fly out, F8 (Flyball, 8RS, EV 84.4 MPH)
Batting: RHB Troy Morin 0-0: Called Strike
0-1: Hit by Pitch
Batting: SHB Sun-wei Ng 0-0: Swinging Strike
0-1: Ball
1-1: Ball
Troy Morin is caught stealing 2nd base 2-6
2-1: Foul Ball, location: 2F
2-2: Foul Ball, location: 2F
2-2: Ball
3-2: Foul Ball, location: 2F
3-2: Ground out 6-3 (Groundball, 6, EV 81.3 MPH)
Top of the 5th over - 0 runs, 0 hits, 0 errors, 0 left on base; University of Florida 0 - University of Maine 1
BOTTOM OF THE 5TH
University of Maine Black Bears batting - Pitching for University of Florida Gators : RHP Eddie Laura
Batting: RHB Yoshitoshi Mori 0-0: Ball
1-0: Called Strike
1-1: Ball
2-1: Called Strike
2-2: Foul Ball, location: 2F
2-2: Foul Ball, location: 2F
2-2: Ball
3-2: Foul Ball, location: 2F
3-2: SOLO HOME RUN (Flyball, 7D, EV 107.5 MPH), Distance : 386 ft
Batting: SHB Terrence Bryant 0-0: Swinging Strike
0-1: Ground out U3 (Groundball, 34, EV 103.1 MPH)
Batting: RHB Ivan Navar 0-0: Called Strike
0-1: Ground out 5-3 (Groundball, 56, EV 101.9 MPH)
Batting: RHB Jeff McClellan 0-0: Called Strike
0-1: Called Strike
0-2: Ball
1-2: Fly out, F8 (Flyball, 8RM, EV 82.5 MPH)
Bottom of the 5th over - 1 run, 1 hit, 0 errors, 0 left on base; University of Florida 0 - University of Maine 2
TOP OF THE 6TH
University of Florida Gators batting - Pitching for University of Maine Black Bears : RHP Efren Ybanez
Pitching: RHP Mark Frizzell
Batting: LHB Andy Buschlen 0-0: Called Strike
0-1: Foul Ball, location: 2F
0-2: Strikes out swinging
Batting: LHB Tomas Espino 0-0: Ball
1-0: Called Strike
1-1: Foul Ball, location: 2F
1-2: Ball
2-2: Strikes out looking
Batting: RHB Tim Dower 0-0: Swinging Strike
0-1: Swinging Strike
0-2: Ball
1-2: Ball
2-2: Strikes out looking
Top of the 6th over - 0 runs, 0 hits, 0 errors, 0 left on base; University of Florida 0 - University of Maine 2
BOTTOM OF THE 6TH
University of Maine Black Bears batting - Pitching for University of Florida Gators : RHP Eddie Laura
Batting: RHB Jesus Escobedo 0-0: SINGLE (Groundball, 6MD, EV 103.8 MPH)
Batting: RHB Wataru Tani 0-0: Ball
1-0: Swinging Strike
1-1: SINGLE (Line Drive, 8RS, EV 95.0 MPH)
Jesus Escobedo to second
Runner from 2nd tries for 3rd, SAFE, throw by CF made to third
Batting: RHB Juan Bonilla 0-0: Ball
1-0: Ball
2-0: Ball
Wataru Tani steals 2nd base
3-0: Intentional Walk
Batting: RHB Alvin Garcia 0-0: Ball
1-0: Called Strike
1-1: Swinging Strike
1-2: Foul Ball, location: 2F
1-2: Ball
2-2: Foul Ball, location: 2F
2-2: Ball
3-2: Foul Ball, location: 2F
3-2: Base on Balls
Jesus Escobedo scores
Wataru Tani to third
Juan Bonilla to second
Batting: RHB Clark Meagher 0-0: Grounds into fielders choice 5-2 (Groundball, 5S, EV 84.4 MPH)
Juan Bonilla to third
Alvin Garcia to second
Batting: RHB Yoshitoshi Mori 0-0: Ball
1-0: Ball
2-0: Ball
3-0: Called Strike
3-1: Base on Balls
Juan Bonilla scores
Alvin Garcia to third
Clark Meagher to second
Batting: SHB Terrence Bryant 0-0: SINGLE (Line Drive, 8LS, EV 99.4 MPH)
Alvin Garcia scores
Clark Meagher to third
Yoshitoshi Mori to second
Pitching: RHP Adam Dennis
Batting: RHB Ivan Navar 0-0: Swinging Strike
0-1: Ball
1-1: Ball
2-1: Fly out, F4 (Popup, 34, EV 73.8 MPH)
Batting: RHB Jeff McClellan 0-0: Called Strike
0-1: SINGLE (Line Drive, 4D, EV 101.9 MPH)
Clark Meagher scores
Yoshitoshi Mori to third
Terrence Bryant to second
Batting: RHB Jesus Escobedo 0-0: Called Strike
0-1: Ball
1-1: SINGLE (Groundball, 5S, EV 68.1 MPH) (infield hit)
Yoshitoshi Mori scores
Terrence Bryant to third
Jeff McClellan to second
Batting: RHB Wataru Tani 0-0: Ball
1-0: Fielders Choice at 2nd, 6-4 (Groundball, 6, EV 100.0 MPH)
Bottom of the 6th over - 5 runs, 5 hits, 0 errors, 3 left on base; University of Florida 0 - University of Maine 7
TOP OF THE 7TH
University of Florida Gators batting - Pitching for University of Maine Black Bears : RHP Mark Frizzell
Batting: RHB Alejandro Gomez 0-0: Ball
1-0: Ball
2-0: Called Strike
2-1: Called Strike
2-2: Strikes out swinging
Batting: RHB Ryan Jennings 0-0: Foul Ball, location: 2F
0-1: Called Strike
0-2: Strikes out swinging
Batting: RHB Amare Brown 0-0: Ball
1-0: Fly out, F7 (Flyball, 7S, EV 80.6 MPH)
Top of the 7th over - 0 runs, 0 hits, 0 errors, 0 left on base; University of Florida 0 - University of Maine 7
BOTTOM OF THE 7TH
University of Maine Black Bears batting - Pitching for University of Florida Gators : RHP Adam Dennis
Batting: RHB Juan Bonilla 0-0: DOUBLE (Line Drive, 7LM, EV 114.4 MPH)
Batting: RHB Alvin Garcia 0-0: Ball
Wild Pitch!
Juan Bonilla to third
1-0: Called Strike
1-1: Ball
2-1: Ground out 5-3 (Groundball, 56S, EV 82.5 MPH)
Juan Bonilla scores
Batting: RHB Clark Meagher 0-0: Called Strike
0-1: Ball
1-1: Foul Ball, location: 2F
1-2: Ball
2-2: Ball
3-2: Strikes out swinging passed ball, reaches first!
Batting: RHB Yoshitoshi Mori 0-0: Called Strike
0-1: Ball
1-1: Called Strike
1-2: Strikes out swinging
Batting: SHB Terrence Bryant 0-0: Ground out U3 (Groundball, 3, EV 100.0 MPH)
Bottom of the 7th over - 1 run, 1 hit, 0 errors, 1 left on base; University of Florida 0 - University of Maine 8
TOP OF THE 8TH
University of Florida Gators batting - Pitching for University of Maine Black Bears : RHP Mark Frizzell
Batting: RHB Eddie Luna 0-0: Fly out, F9 (Flyball, 89D, EV 90.6 MPH)
Batting: RHB Troy Morin 0-0: Ball
1-0: Ball
2-0: Ball
3-0: Called Strike
3-1: Foul Ball, location: 2F
3-2: Strikes out swinging
Batting: SHB Sun-wei Ng 0-0: Foul Ball, location: 2F
0-1: Foul Ball, location: 2F
0-2: Foul Ball, location: 2F
0-2: Ball
1-2: Ball
2-2: Foul Ball, location: 2F
2-2: SINGLE (Groundball, 4D, EV 96.9 MPH)
Pitching: RHP Larry McPhee
Batting: LHB Andy Buschlen 0-0: Foul Ball, location: 2F
0-1: Ground out 4-3 (Groundball, 4, EV 85.6 MPH)
Top of the 8th over - 0 runs, 1 hit, 0 errors, 1 left on base; University of Florida 0 - University of Maine 8
BOTTOM OF THE 8TH
University of Maine Black Bears batting - Pitching for University of Florida Gators : RHP Adam Dennis
Batting: RHB Ivan Navar 0-0: Ball
1-0: Fly out, F9 (Flyball, 89M, EV 91.3 MPH)
Pitching: RHP Carlos Cheas
Batting: RHB Jeff McClellan 0-0: Foul Ball, location: 2F
0-1: Foul Ball, location: 2F
0-2: SINGLE (Line Drive, 78S, EV 109.4 MPH)
Batting: RHB Jesus Escobedo 0-0: Called Strike
0-1: Ball
1-1: SINGLE (Groundball, 25, EV 66.9 MPH) (infield hit)
Jeff McClellan to second
Pinch Hitting: RHB Ignacio Zapata 0-0: Called Strike
0-1: Swinging Strike
0-2: Fly out, F8 (Line Drive, 8RD, EV 84.4 MPH)
Batting: RHB Juan Bonilla 0-0: Called Strike
0-1: Ball
1-1: Ball
2-1: Foul Ball, location: 2F
2-2: Foul Ball, location: 2F
2-2: Fly out, F8 (Line Drive, 8RD, EV 94.4 MPH)
Bottom of the 8th over - 0 runs, 2 hits, 0 errors, 2 left on base; University of Florida 0 - University of Maine 8
TOP OF THE 9TH
University of Florida Gators batting - Pitching for University of Maine Black Bears : RHP Larry McPhee
Now in CF: Ignacio Zapata
Pinch Hitting: RHB Mario Medrano 0-0: Ball
1-0: Called Strike
1-1: Swinging Strike
1-2: Fly out, F8 (Flyball, 8LD, EV 101.3 MPH)
Pinch Hitting: RHB Seth Oliphant 0-0: Ball
1-0: Called Strike
1-1: Ball
2-1: Ball
3-1: Base on Balls
Batting: RHB Alejandro Gomez 0-0: DOUBLE (Groundball, 5L, EV 95.0 MPH)
Seth Oliphant to third
Pinch Hitting: SHB Rich Hood 0-0: Ball
1-0: Called Strike
1-1: Ball
2-1: Swinging Strike
2-2: Strikes out swinging
Batting: RHB Amare Brown 0-0: Ball
1-0: Ball
2-0: Ball
3-0: Base on Balls
Pinch Hitting: RHB Joselito Santos 0-0: Ball
1-0: Foul Ball, location: 2F
1-1: Fly out, F7 (Flyball, 7LM, EV 91.3 MPH)
Top of the 9th over - 0 runs, 1 hit, 0 errors, 3 left on base; University of Florida 0 - University of Maine 8
Thursday, March 31st , 2022 - OOTP Baseball 22.12 Build 89